 Dungeon Crawl Stone Soup version 0.23.2-40-g277498a001 (webtiles) character file.

Game seed: 11489477691093450089

170 alisofug the Skirmisher (level 5, -1/34 HPs)
             Began as a Gargoyle Berserker on Oct 7, 2019.
             Was a Believer of Trog.
             Slain by a hornet (9 damage)
             ... on level 3 of the Dungeon.
             The game lasted 00:07:27 (1778 turns).

alisofug the Skirmisher (Gargoyle Berserker)        Turns: 1778, Time: 00:07:28

Health: -1/34      AC: 18    Str: 21    XL:     5   Next: 51%
Magic:  5/5        EV: 10    Int:  8    God:    Trog [**....]
Gold:   136        SH:  0    Dex:  9    Spells: 4/4 levels left

rFire    . . .     SeeInvis .   a - +0 falchion
rCold    . . .     Gourm    .   (no shield)
rNeg     + . .     Faith    .   k - +0 scale mail
rPois    ∞         Spirit   .   b - +2 helmet
rElec    +         Reflect  .   n - +2 cloak {+Inv}
rCorr    +         Harm     .   h - +0 pair of gloves
MR       .....                  (no boots)
Stlth    ..........             (no amulet)
HPRegen  0.11/turn              g - ring of resist corrosion
MPRegen  0.09/turn              (no ring)

@: no status effects
A: negative energy resistance 1, electricity resistance, unbreathing,
petrification resistance, rot immunity, AC +4
a: Berserk, Trog's Hand, Renounce Religion, Evoke Invisibility


You were on level 3 of the Dungeon.
You worshipped Trog.
Trog was pleased with you.
You were very hungry.

You visited 1 branch of the dungeon, and saw 3 of its levels.

You collected 136 gold pieces.

Inventory:

Hand Weapons
 a - a +0 falchion (weapon)
 m - a +4 quarterstaff of chaos
Armour
 b - a +2 helmet (worn)
 h - a +0 pair of gloves (worn)
 k - a +0 scale mail (worn)
 n - a +2 cloak of invisibility (worn)
Jewellery
 g - a ring of resist corrosion (left hand)
Scrolls
 d - a scroll of random uselessness {unknown}
 f - 5 scrolls of teleportation
 j - 2 scrolls of identify
 l - 2 scrolls of enchant weapon {unknown}
 o - a scroll of enchant armour {unknown}
Potions
 e - a potion of agility {unknown}
 i - a potion of might {unknown}
 p - a potion of lignification {unknown}
Comestibles
 c - 3 rations


   Skills:
 + Level 4.3 Fighting
 + Level 3.5 Long Blades
 + Level 3.5 Armour
 + Level 2.5 Dodging


You had 4 spell levels left.
You didn't know any spells.
Your spell library was empty.

Dungeon Overview and Level Annotations

Branches:
Dungeon (3/15)

Altars:
Gozag
Trog

Annotations:
D:3 2 transporters


Innate Abilities, Weirdness & Mutations

You are resistant to torment.
Your stone body is resilient. (AC +4)
You are immune to poison.
You resist negative energy. (rN+)
You are resistant to electric shocks. (rElec)
You can survive without breathing.
You are immune to petrification.
You are immune to rotting.


Message History

The hornet closely misses you.
You hit the hornet.
The hornet is lightly wounded.
The hornet barely misses you.
You riposte.
You hit the hornet but do no damage.
The hornet is lightly wounded.
The hornet barely misses you.
You hit the hornet but do no damage.
The hornet is lightly wounded.
The hornet stings you but does no damage.
You barely miss the hornet.
The hornet is lightly wounded.
The hornet barely misses you. The hornet completely misses you.
You barely miss the hornet.
The hornet is lightly wounded.
The hornet stings you! The hornet stings you.
* * * LOW HITPOINT WARNING * * *
You closely miss the hornet.
The hornet is lightly wounded.
The hornet stings you!
You die...

# ##.......## ##.##.# #
##.....## ####.# #
##...## #.# # ##+## #.#
#.# #.# ########.###
#.# ...........# #.#
.####.#....##########.#
................@y....#
.###..#....############
.# #..#....# .#
#.......# .. ........#
############


You could see a hornet.

Vanquished Creatures
  Crazy Yiuf (D:2)
  A gnoll (D:1)
  6 adders
  2 oozes
  A worm (D:2)
  A dart slug (D:1)
  A leopard gecko (D:2)
  5 giant cockroaches
  4 goblins
  7 hobgoblins
  8 jackals (D:2)
  A quokka (D:2)
  3 ball pythons
  9 bats
  3 frilled lizards
  9 kobolds
  4 rats
66 creatures vanquished.

Notes
Turn   | Place    | Note
-------+----------+-------------------------------------------
     0 | D:1      | alisofug the Gargoyle Berserker began the quest for the
                  | Orb.
     0 | D:1      | Reached XP level 1. HP: 14/14 MP: 1/1
    73 | D:1      | Reached XP level 2. HP: 14/19 MP: 2/2
   398 | D:1      | Reached XP level 3. HP: 17/23 MP: 3/3
   710 | D:2      | Reached ** piety under Trog
   749 | D:2      | Reached XP level 4. HP: 19/29 MP: 4/4
   840 | D:2      | Reached skill level 4 in Fighting
   862 | D:2      | Found a bloodstained altar of Trog.
   996 | D:2      | Found a runed translucent door.
   997 | D:2      | Noticed Crazy Yiuf
  1101 | D:2      | Killed Crazy Yiuf
  1101 | D:2      | Reached XP level 5. HP: 33/33 MP: 5/5
  1413 | D:3      | Found a transporter.
  1417 | D:3      | Found a transporter.
  1417 | D:3      | Found an opulent altar of Gozag.
  1768 | D:3      | Noticed a hornet
  1778 | D:3      | Slain by a hornet

Skill      XL: |  1  2  3  4 |
---------------+-------------+-----
Long Blades    | 3 |  3.5
Dodging        | 2 |  2.5
Armour         | 3 |  3.5
Fighting       | 4 |  4.3

Action                   |  1- 3 |  4- 6 || total
-------------------------+-------+-------++-------
Melee: Falchion          |    86 |   106 ||   192
Invok: Berserk           |     2 |     2 ||     4
       Trog's Hand       |       |     1 ||     1
  Use: Scroll            |     2 |       ||     2
  Eat: Chunk             |     2 |     4 ||     6
Armor: Animal skin       |    11 |       ||    11
       Ring mail         |    46 |       ||    46
       Scale mail        |    55 |    76 ||   131
Dodge: Dodged            |   108 |    85 ||   193
       Rpst.: Falchion   |    35 |    24 ||    59
